 Dungeon Crawl Stone Soup version 0.24-a0-243-g8f5f5cd (webtiles) character file.

Game seed: 3635749943738158997

71 vorskei the Sneak (level 4, 0/30 HPs)
             Began as a Vampire Necromancer on Apr 10, 2019.
             Slain by an orc
             ... wielding a +0 flail
              (2 damage)
             ... on level 3 of the Dungeon.
             The game lasted 00:20:48 (2989 turns).

vorskei the Sneak (Vampire Necromancer)             Turns: 2989, Time: 00:20:49

Health: 0/30       AC:  2    Str:  7    XL:     4   Next: 5%
Magic:  4/7        EV: 13    Int: 18    God:
Gold:   118        SH:  0    Dex: 14    Spells: 2/7 levels left

rFire    . . .     SeeInvis +   o - +0 dagger
rCold    . . .     Gourm    .   (no shield)
rNeg     + . .     Faith    .   f - +0 robe
rPois    .         Spirit   .   (no helmet)
rElec    .         Reflect  .   (no cloak)
rCorr    .         Harm     .   (no gloves)
MR       .....                  (no boots)
Stlth    +++.......             (no amulet)
HPRegen  1.10/turn              (no ring)
MPRegen  0.10/turn              (no ring)

@: lethally poisoned (0 -> 0), about to teleport, regenerating (expiring)
A: fangs 3, see invisible, unbreathing
a: Bat Form


You were on level 3 of the Dungeon.
You were not thirsty.

You visited 1 branch of the dungeon, and saw 3 of its levels.

You collected 118 gold pieces.

Inventory:

Hand Weapons
 a - a +0 short sword of venom
 b - a +0 hunting sling of flaming
 o - a +0 dagger (weapon)
Missiles
 g - 44 bolts
 m - 60 stones (quivered)
Armour
 f - a +0 robe (worn)
 p - a +0 leather armour
Scrolls
 h - a scroll of teleportation
 i - a scroll of magic mapping {unknown}
 k - 3 scrolls of enchant weapon {unknown}
 l - a scroll of identify {unknown}
 q - a scroll of remove curse {unknown}
Potions
 c - 11 potions of blood
 d - 2 potions of resistance {unknown}
 e - a potion of heal wounds {unknown}
 j - a potion of flight {unknown}
 n - 2 potions of curing {unknown}


   Skills:
 + Level 0.1 Fighting
 + Level 0.1 Short Blades
 - Level 2.5 Dodging
 * Level 5.8 Stealth
 - Level 2.2 Spellcasting
 + Level 4.6 Necromancy


You had 2 spell levels left.
You knew the following spells:

 Your Spells              Type           Power        Failure   Level  Hunger
a - Animate Skeleton      Necr           N/A          2%          1    #......
q - Pain                  Necr           ###.         2%          1    #......
s - Regeneration          Chrm/Necr      ##........   21%         3    ###....

Your spell library contained the following spells:

 Spells                   Type           Power        Failure   Level  Hunger
 Vampiric Draining        Necr           ###.......   8%          3    ###....
 Animate Dead             Necr           N/A          26%         4    #####..


Dungeon Overview and Level Annotations

Branches:
Dungeon (3/15)

Altars:
Dithmenos
Makhleb
Okawaru
Zin

Annotations:
D:2 Robin, Sigmund


Innate Abilities, Weirdness & Mutations

You have razor-sharp teeth.
You have supernaturally acute eyesight. (SInv)
You can survive without breathing.


Message History

The orc shouts!
The adder bites you.
* * * LOW HITPOINT WARNING * * *
You are poisoned.
The adder poisons you! The orc misses you.
You hit the adder. You bite the adder, but do no damage.
The adder is moderately wounded.
You feel sick. The adder bites you.
* * * LOW HITPOINT WARNING * * *
The adder bites you but does no damage. The orc barely misses you.
You closely miss the adder.
The adder is moderately wounded.
Your skin is crawling a little less now.
The adder bites you.
* * * LOW HITPOINT WARNING * * *
Okay, then.
As you read the scroll labeled UQUCWE NUSTRASO, it crumbles to dust.
You feel strangely unstable.
It was a scroll of teleportation.
You feel sick. The orc hits you with a +0 flail.
You die...

#.#
###......o.......#
#.#
#.........K......#
#.#
#.##.##..#....#.##
#(###.##.##K###.....#
......o..SKo# #.o...#
#.###.##S##.###oS..##
..S..S....o..#.Kgo##
..###...g...#.##S##
### ####(#######@#
### #(# #o# ..#
#.#### #o# #.# #....#
#o# #.# ####.# #.#
#.# #.# #.# #.# #.#
#.#### #.# #.# #....#
#.# #.# ####.#


You could see an orc priest, 2 adders, 5 orcs, a hobgoblin and 2 kobolds.

Vanquished Creatures
  A worm (D:3)
  2 dart slugs (D:1)
  4 bats
  5 giant cockroaches
  8 hobgoblins
  10 jackals
  3 kobolds (D:1)
  A ball python (D:1)
  6 frilled lizards
  12 goblins
  2 rats
54 creatures vanquished.

Vanquished Creatures (collateral kills)
  A jackal (D:2)
1 creature vanquished.

Vanquished Creatures (others)
  4 toadstools (D:1)
4 creatures vanquished.

Grand Total: 59 creatures vanquished

Notes
Turn   | Place    | Note
-------+----------+-------------------------------------------
     0 | D:1      | vorskei the Vampire Necromancer began the quest for the
                  | Orb.
     0 | D:1      | Reached XP level 1. HP: 13/13 MP: 3/3
   317 | D:1      | Reached XP level 2. HP: 15/19 MP: 3/5
   589 | D:1      | Reached skill level 4 in Stealth
   839 | D:1      | Reached XP level 3. HP: 22/24 MP: 2/6
  1090 | D:2      | Learned a level 1 spell: Animate Skeleton
  1160 | D:2      | Reached skill level 5 in Stealth
  1407 | D:2      | Found an iron altar of Okawaru.
  1657 | D:2      | Noticed a blizzard demon
  1658 | D:2      | Found a burning altar of Makhleb.
  1661 | D:2      | Found a glowing silver altar of Zin.
  1661 | D:2      | Noticed an angel
  1705 | D:2      | Noticed Sigmund
  1927 | D:2      | Noticed Robin
  1964 | D:1      | Learned a level 3 spell: Regeneration
  2133 | D:2      | Found a shadowy altar of Dithmenos.
  2526 | D:3      | Reached XP level 4. HP: 30/30 MP: 7/7
  2989 | D:3      | Slain by an orc

Levels and vault maps discovered:
D:1:      ldierk_walled_garden_2, layout_basic, serial_bayou_pond_c
D:2:      layout_basic, grunt_temple_overflow_order_and_chaos_2,
          okawaru_trees_1, grunt_dithmenos_smoke, uniq_sigmund, uniq_robin
D:3:      lemuel_upstairs_altar, layout_loops_ring,
          nicolae_overflow_hidden_temple, first_ration, gup_sewer_entry_bowl,
          serial_park_tiny_1

Skill      XL: |  1  2  3 |
---------------+----------+-----
Stealth        | 4 5 |  5.8
Fighting       | |  0.1
Short Blades   | |  0.1
Dodging        | |  2.5
Spellcasting   | |  2.2
Necromancy     | |  4.6

Action                   |  1- 3 |  4- 6 || total
-------------------------+-------+-------++-------
Melee: Short sword       |    38 |       ||    38
       Bite              |     3 |     3 ||     6
       Dagger            |     3 |     2 ||     5
       Unarmed           |       |    19 ||    19
 Cast: Pain              |    63 |     4 ||    67
       Animate Skeleton  |    10 |       ||    10
       Regeneration      |     2 |     1 ||     3
 Abil: End Transformatio |     4 |     1 ||     5
       Bat Form          |     4 |     1 ||     5
  Use: Potion            |     1 |     3 ||     4
       Scroll            |       |     1 ||     1
 Stab: Sleeping          |     8 |       ||     8
       Distracted        |       |     1 ||     1
Armor: Robe              |    13 |     1 ||    14
Dodge: Dodged            |    73 |    88 ||   161

Table legend:
 A = Non-vault XP
 B = Vault XP
 C = Vault XP percentage of total XP
 D = Non-vault monster count
 E = Vault monster count
 F = Vault count percentage of total count
                 A         B        C        D         E       F
            +---------+---------+-------+---------+---------+-------
      Total |      92 |      10 |   9.8 |      50 |       5 |   9.1
            +---------+---------+-------+---------+---------+-------
        D:1 |      47 |       2 |   4.1 |      26 |       1 |   3.7
        D:2 |      31 |       8 |  20.5 |      17 |       4 |  19.0
        D:3 |      14 |       0 |   0.0 |       7 |       0 |   0.0
            +---------+---------+-------+---------+---------+-------
